 Dungeon Crawl Stone Soup version 0.21-a0-504-g2eda330 (webtiles) character file.

303 4thArraOfDagon the Firebug (level 6, -5/32 HPs)
             Began as a Deep Elf Fire Elementalist on Nov 26, 2017.
             Was an Initiate of Vehumet.
             Killed from afar by 4thArraOfDagon's ghost (26 damage)
             ... with a flame tongue
             ... on level 5 of the Dungeon.
             The game lasted 00:06:38 (1570 turns).

4thArraOfDagon the Firebug (DEFE)                   Turns: 1570, Time: 00:06:39

Health: -5/32      AC:  2    Str:  5    XL:     6   Next: 15%
Magic:  8/15       EV: 13    Int: 22    God:    Vehumet [......]
Gold:   161        SH:  0    Dex: 19    Spells: 6/14 levels left

rFire    . . .     SeeInvis .   n - +0 trident
rCold    . . .     Gourm    .   (no shield)
rNeg     . . .     Faith    .   a - +0 robe
rPois    .         Spirit   .   (helmet restricted)
rElec    .         Reflect  .   (no cloak)
rCorr    .         Harm     .   (no gloves)
MR       .....     Clarity  +   (no boots)
Stlth    ++........             (no amulet)
HPRegen  0.10/turn              j - +4 ring of dexterity
MPRegen  0.14/turn              (no ring)

@: no status effects
A: horns 1, clarity
a: Renounce Religion


You were on level 5 of the Dungeon.
You worshipped Vehumet.
Vehumet was noncommittal.
You were not hungry.

You visited 1 branch of the dungeon, and saw 6 of its levels.

You collected 161 gold pieces.

Inventory:

Hand Weapons
 n - a +0 trident (weapon)
Armour
 a - a +0 robe (worn)
Jewellery
 j - a +4 ring of dexterity (left hand)
Scrolls
 d - 2 scrolls of identify {unknown}
 f - a scroll of fog {unknown}
 g - 4 scrolls of blinking {unknown}
 h - 4 scrolls of teleportation {unknown}
 i - a scroll of magic mapping {unknown}
 l - a scroll of remove curse {unknown}
 o - 2 scrolls of enchant armour {unknown}
Potions
 e - 2 potions of magic {unknown}
 k - a potion of flight {unknown}
 m - 2 potions of invisibility {unknown}
 p - a potion of agility {unknown}
Books
 b - a book of Flames

   Spells                             Type                      Level
   a - Flame Tongue                   Conjuration/Fire             1
   b - Throw Flame                    Conjuration/Fire             2
   c - Conjure Flame                  Conjuration/Fire             3
   d - Inner Flame                    Hexes/Fire                   3
   e - Sticky Flame                   Conjuration/Fire             4
   f - Fireball                       Conjuration/Fire             5
Comestibles
 c - 4 bread rations
 q - a royal jelly


   Skills:
 - Level 2.4 Dodging
 - Level 2.4 Stealth
 + Level 4.7 Spellcasting
 * Level 4.3 Conjurations
 * Level 5.4 Fire Magic


You had 6 spell levels left.
You knew the following spells:

 Your Spells              Type           Power        Failure   Level  Hunger
a - Flame Tongue          Conj/Fire      ####.        1%          1    None
b - Conjure Flame         Conj/Fire      ####....     4%          3    ##.....
c - Sticky Flame          Conj/Fire      ####....     14%         4    ####...


Dungeon Overview and Level Annotations

Branches:
Dungeon (6/15)
 Temple: D:4-7

Altars:
Fedhas
Kikubaaqudgha
Vehumet

Annotations:
D:5 4thArraOfDagon's ghost, novice DEFE


Innate Abilities, Weirdness & Mutations

You have a pair of small horns on your head.
You possess an exceptional clarity of mind.


Message History

Unknown command.
A water moccasin skeleton comes into view.
Found a scroll labeled UFAYR VULAGH.
Unknown command.
Unknown command.
Found a stone staircase leading down.
Unknown command.
Found a pair of gloves.
Unknown command. 4thArraOfDagon's ghost (novice Deep Elf Fire Elementalist) comes into view. 4thArraOfDagon's ghost turns its malevolent gaze towards you.
Unknown command.
Unknown command.
Found 8 gold pieces.
Unknown command.
A hound skeleton comes into view. 4thArraOfDagon's ghost gestures at you while chanting.
The flame tongue hits you!
Ouch! That really hurt!
You die...

#...%.....# #.[# .#
#.........# #..##.#
#.........###...#.#
########.#......#.#
#.#..l.....#
#.#........#####
#.#.....W.>.....
..#..Z...######
?.......@#
..............Z#
.................
####...........#.
#...........#
#...........#
#...$.......#
#######.....#


You could see an iguana, 4thArraOfDagon's ghost, a water moccasin skeleton and a
hound skeleton (dormant).

Vanquished Creatures
  A sky beast (D:5)
  A water moccasin skeleton (D:4)
  A hound (D:4)
  An iguana (D:4)
  A worker ant (D:4)
  2 adders
  An ooze (D:1)
  2 worms
  A dart slug (D:2)
  5 leopard geckos
  3 orcs
  4 bats
  2 giant cockroaches
  3 goblins
  3 hobgoblins
  8 jackals
  A quokka (D:2)
  4 frilled lizards
  A kobold (D:2)
  4 rats
49 creatures vanquished.

Notes
Turn   | Place    | Note
-------+----------+-------------------------------------------
     0 | D:1      | 4thArraOfDagon the Deep Elf Fire Elementalist began the quest for the Orb.
     0 | D:1      | Reached XP level 1. HP: 10/10 MP: 6/6
    97 | D:1      | Reached XP level 2. HP: 13/15 MP: 0/8
   559 | D:3      | Found a radiant altar of Vehumet.
   559 | D:3      | Found a blossoming altar of Fedhas.
   560 | D:3      | Found an ancient bone altar of Kikubaaqudgha.
   565 | D:3      | Became a worshipper of Vehumet
   824 | D:2      | Reached XP level 3. HP: 19/19 MP: 5/9
   829 | D:2      | Learned a level 3 spell: Conjure Flame
   849 | D:2      | Reached skill level 4 in Fire Magic
  1160 | D:4      | Reached XP level 4. HP: 10/24 MP: 4/11
  1166 | D:4      | Learned a level 4 spell: Sticky Flame
  1179 | D:5      | Entered Level 5 of the Dungeon
  1179 | D:5      | Noticed a centaur
  1305 | D:4      | Reached XP level 5. HP: 18/28 MP: 2/13
  1321 | D:4      | Reached skill level 5 in Fire Magic
  1467 | D:5      | Noticed a sky beast
  1473 | D:5      | Killed a sky beast
  1473 | D:5      | Reached XP level 6. HP: 24/32 MP: 3/15
  1476 | D:5      | Gained mutation: You possess an exceptional clarity of mind. [mutagenic meat]
  1477 | D:5      | Gained mutation: You have a pair of small horns on your head. [mutagenic meat]
  1567 | D:5      | Noticed 4thArraOfDagon's ghost (novice DEFE)
  1570 | D:5      | Killed from afar by 4thArraOfDagon's ghost

Vault maps used:
D:1:      matt_arrival_spirals
D:2:      first_bread
D:3:      gammafunk_temple_overflow_forgotten
D:4:      nemelex_dance_club_becter, uniq_duvessa
D:5:      serial_shops, shop_statue, guppyfry_early_lair_pool
D:6:      st_stairs_12, nicolae_alphabet_shops, kennysheep_decorative_pillar

Skill      XL: |  1  2  3  4  5 |
---------------+----------------+-----
Conjurations   | 2 3 4 |  4.3
Fire Magic     | 4 5 |  5.4
Spellcasting   | 4 |  4.7
Dodging        | |  2.4
Stealth        | |  2.4

Action                   |  1- 3 |  4- 6 || total
-------------------------+-------+-------++-------
Melee: Trident           |    24 |    19 ||    43
       Unarmed           |     1 |       ||     1
 Cast: Flame Tongue      |    60 |    25 ||    85
       Conjure Flame     |       |     4 ||     4
       Sticky Flame      |       |     2 ||     2
 Stab: Sleeping          |     1 |       ||     1
  Eat: Fruit             |     3 |       ||     3
       Chunk             |       |     2 ||     2
Armor: Robe              |    13 |       ||    13
Dodge: Dodged            |    49 |    13 ||    62

Table legend:
 A = Spawn XP
 B = Non-spawn XP
 C = Spawn XP percentage of total XP
 D = Spawn monster count
 E = Non-spawn monster count
 F = Spawn count percentage of total count
 G = Total turns spent on level
                    A         B        C        D         E        F      G
               +---------+---------+-------+---------+---------+-------+---------
         Total |       0 |     434 |   0.0 |       0 |      49 |   0.0 |  1570
               +---------+---------+-------+---------+---------+-------+---------
           D:1 |       0 |      18 |   0.0 |       0 |       7 |   0.0 |   236
           D:2 |       0 |      41 |   0.0 |       0 |      19 |   0.0 |   317
           D:3 |       0 |      28 |   0.0 |       0 |       9 |   0.0 |   539
           D:4 |       0 |     208 |   0.0 |       0 |      12 |   0.0 |   373
           D:5 |       0 |     136 |   0.0 |       0 |       1 |   0.0 |    87
           D:6 |       0 |       3 |   0.0 |       0 |       1 |   0.0 |    18
               +---------+---------+-------+---------+---------+-------+---------
